 Dungeon Sprint DCSS version 0.23.2-30-g0e89c35649 (webtiles) character file.

Game seed: 7202678440374824811

6293 HASTUR3 the Black Belt (level 10, -34/94 HPs)
             Began as a Demonspawn Gladiator on June 19, 2019.
             Was the Champion of Jiyva.
             Annihilated by an orc warrior
             ... wielding a +0 war axe of holy wrath
              (36 damage)
             ... in the Dungeon (Sprint IX: "|||||||||||||||||||||||||||||").
             The game lasted 00:16:59 (1438 turns).

HASTUR3 the Black Belt (Demonspawn Gladiator)       Turns: 1438, Time: 00:17:04

Health: -34/94     AC: 18    Str: 18    XL:     10   Next: 63%
Magic:  10/10      EV: 18    Int: 11    God:    Jiyva [******]
Gold:   466        SH:  0    Dex: 18    Spells: 9/9 levels left

rFire    + . .     SeeInvis .     - Unarmed
rCold    . . .     Gourm    .   (no shield)
rNeg     . . .     Faith    .   o - +1 scale mail
rPois    .         Spirit   .   (no helmet)
rElec    .         Reflect  .   (no cloak)
rCorr    +         Harm     .   n - +0 pair of gloves
MR       .....     NoTele   +   (no boots)
Stlth    ..........             (no amulet)
HPRegen  0.25/turn              p - +2 ring of protection
MPRegen  0.12/turn              q - +3 ring of strength

@: no status effects
A: hooves 1, iridescent scales 3, agile 1, demonic guardian 1, fire resistance
1, robust 1, acidic bite, gelatinous body 2, translucent skin 1, tendrils
a: Request Jelly, Slimify, Cure Bad Mutation, Renounce Religion


You were in the Dungeon.
You worshipped Jiyva.
Jiyva was exalted by your worship.
You were completely stuffed.

You visited 1 branch You collected 466 gold pieces.

Inventory:

Missiles
 c - 3 throwing nets (quivered)
Armour
 n - a +0 pair of gloves (worn)
 o - a +1 scale mail (worn)
Jewellery
 p - a +2 ring of protection (left hand)
 q - a +3 ring of strength (right hand)
Scrolls
 j - 3 scrolls of blinking
 k - 3 scrolls of remove curse
 l - 2 scrolls of amnesia
 m - a scroll of magic mapping
 r - a scroll of identify
 s - 6 scrolls of fear
Potions
 a - a potion of agility
 e - 4 potions of curing
 f - 2 potions of heal wounds
 g - 2 potions of brilliance
 h - 4 potions of magic
Comestibles
 b - 2 chunks of flesh
 d - a ration


   Skills:
 + Level 10.8 Fighting
 - Level 1.7 Throwing
 - Level 10.0 Dodging
 - Level 18.2 Unarmed Combat


You had 9 spell levels left.
You didn't know any spells.
Your spell library was empty.

Dungeon Overview and Level Annotations

Branches:
Dungeon (1/1)

Altars:
Cheibriados
Dithmenos
Elyvilon
Fedhas
Gozag
Hepliaklqana
Kikubaaqudgha
Makhleb
Nemelex Xobeh
Okawaru
Qazlal
Ru
Sif Muna
Trog
Uskayaw
Vehumet
Wu Jian
Xom
Yredelemnul
Zin
The Shining One
Beogh
Jiyva
Lugonu


Innate Abilities, Weirdness & Mutations

You have large cloven feet.
You are completely covered in iridescent scales. (AC +6)
A weak demonic guardian rushes to your aid.
You are agile. (Dex +2)
Your flesh is heat resistant. (rF+)
You are robust. (+10% HP)
You have acidic saliva.
Your pliable body absorbs attacks. (AC +2, EV +2)
Your translucent skin slightly reduces your foes' accuracy. (Stealth)
You are covered in slimy tendrils that may disarm your opponents.


Message History

You pummel the orc knight!!
You kill the orc knight!
Your Unarmed Combat skill increases to level 18!
The orc priest calls down the wrath of Beogh upon you.
Beogh smites you!
The orc warrior picks up a +0 dire flail.
The orc warrior wields a +0 dire flail.
You hit the orc warrior but do no damage.
Your kick misses the orc warrior.
The orc priest looks satisfied for a moment.
You pummel the orc warrior!!
You kill the orc warrior!
The orc priest no longer looks unusually strong.
The orc priest calls down the wrath of Beogh upon you.
Beogh smites you!
The orc warrior hits you with a +0 war axe of holy wrath!!
* * * LOW HITPOINT WARNING * * *
You shudder from the blow and a jelly pops out!
You convulse!!!
You die...

* *
▓.▓.▓'▓.▓_▓
,*
,▓.▓.▓.▓.▓_▓
▓.▓.▓.▓.▓_▓ ,
▓.▓.▓.▓.▓_▓ ,
* ▓.▓.▓.▓.▓_▓
▓5▓.▓.▓.▓J▓
▓J▓.▓.▓.▓_▓
,▓J▓.▓.▓.▓_▓
*,
▓@▓.▓.▓.▓_▓ ,
▓o▓.▓J▓.▓_▓ ,
▓)▓.▓'▓.▓_▓
▓$▓.▓.▓.▓_▓ *
*
,▓o▓.▓.▓.▓_▓
*,▓.▓.▓.▓.▓_▓
,
,▓.▓.▓.▓.▓_▓
▓.▓.▓.▓.▓_▓
,*
▓.▓.▓.▓.▓_▓


You could see an orc warrior, an orc priest, a neutral acid blob (fellow slime),
a friendly death ooze and a friendly white imp.

Vanquished Creatures
  A centaur warrior (D)
  An orc knight (D)
  A black mamba (D)
  2 spiny frogs (D)
  A komodo dragon (D)
  A tyrant leech (D)
  2 blink frogs (D)
  A spriggan (shapeshifter) (D)
  A vampire mosquito (D)
  2 water moccasins (D)
  An ice beast (D)
  11 orc warriors (D)
  A black bear (D)
  A centaur (D)
  A wolf (D)
  5 bullfrogs (D)
  A killer bee (D)
  A crimson imp (D)
  A jelly (D)
  5 orc wizards (D)
  3 orc priests (D)
  A shadow imp (D)
  A worm (D)
  A dart slug (D)
  3 orcs (D)
  A bat skeleton (D)
  A giant cockroach (D)
  A hobgoblin (D)
  A bat (D)
  A kobold (D)
55 creatures vanquished.

Vanquished Creatures (collateral kills)
  Erica (D)
  A cyclops (D)
  A komodo dragon (D)
  A blink frog (D)
  A water moccasin (D)
  A black bear (D)
  An ogre (D)
  A crocodile (D)
8 creatures vanquished.

Vanquished Creatures (others)
  2 great orbs of eyes (D)
  A spatial maelstrom (D)
  A flayed ghost (D)
  A shining eye (shapeshifter) (D)
  A spiny frog (D)
  A yaktaur (D)
  2 slime creatures (D)
  A basilisk (D)
  A water moccasin (D)
  2 porcupines (D)
  4 jellies (D)
  An orc (D)
18 creatures vanquished.

Grand Total: 81 creatures vanquished

Notes
Turn   | Place    | Note
-------+----------+-------------------------------------------
     0 | D        | HASTUR3 the Demonspawn Gladiator began the quest for the
                  | Orb.
     0 | D        | Reached XP level 1. HP: 16/16 MP: 1/1
     5 | D        | Reached skill level 3 in Unarmed Combat
     6 | D        | Banished a spatial maelstrom
    11 | D        | Reached skill level 4 in Unarmed Combat
    31 | D        | Noticed an orc wizard
    31 | D        | Noticed a jelly
    31 | D        | Noticed an orc wizard
    36 | D        | Killed an orc wizard
    36 | D        | Reached skill level 6 in Unarmed Combat
    36 | D        | Gained mutation: A weak demonic guardian rushes to your
                  | aid. [demonic ancestry]
    36 | D        | Reached XP level 2. HP: 9/22 MP: 2/2
    36 | D        | Reached XP level 3. HP: 11/27 MP: 3/3
    41 | D        | Reached skill level 7 in Unarmed Combat
    46 | D        | Reached XP level 4. HP: 10/33 MP: 4/4
    50 | D        | Reached skill level 8 in Unarmed Combat
    87 | D        | Found a roughly hewn altar of Beogh.
    87 | D        | Found a snail-covered altar of Cheibriados.
    87 | D        | Found a shadowy altar of Dithmenos.
    87 | D        | Found a white marble altar of Elyvilon.
    87 | D        | Found a blossoming altar of Fedhas.
    87 | D        | Found an opulent altar of Gozag.
    88 | D        | Found a hazy altar of Hepliaklqana.
    89 | D        | Found a viscous altar of Jiyva.
    90 | D        | Found an ancient bone altar of Kikubaaqudgha.
    91 | D        | Found a corrupted altar of Lugonu.
    92 | D        | Found a burning altar of Makhleb.
    93 | D        | Found a sparkling altar of Nemelex Xobeh.
    94 | D        | Found an iron altar of Okawaru.
    95 | D        | Found a stormy altar of Qazlal.
    96 | D        | Found a sacrificial altar of Ru.
    97 | D        | Found a deep blue altar of Sif Muna.
    99 | D        | Became a worshipper of Jiyva Josyhate the Shapeless
   101 | D        | Killed a flayed ghost
   102 | D        | Found a bloodstained altar of Trog.
   103 | D        | Killed a slime creature
   107 | D        | Killed a great orb of eyes
   108 | D        | Killed a yaktaur
   109 | D        | Found a hide-covered altar of Uskayaw.
   109 | D        | Killed a slime creature
   110 | D        | Found a radiant altar of Vehumet.
   110 | D        | Killed a great orb of eyes
   111 | D        | Found an ornate altar of the Wu Jian Council.
   112 | D        | Found a shimmering altar of Xom.
   113 | D        | Found a basalt altar of Yredelemnul.
   114 | D        | Found a glowing silver altar of Zin.
   115 | D        | Found a glowing golden altar of the Shining One.
   135 | D        | Reached * piety under Jiyva
   142 | D        | Reached ** piety under Jiyva
   143 | D        | Reached *** piety under Jiyva
   143 | D        | Gained mutation: Armour fits poorly on your strangely
                  | shaped body. [Jiyva's grace]
   249 | D        | Reached **** piety under Jiyva
   250 | D        | Gained mutation: You are partially covered in iridescent
                  | scales. (AC +2) [Jiyva's grace]
   250 | D        | Reached ***** piety under Jiyva
   250 | D        | Gained mutation: You are covered in slimy tendrils that may
                  | disarm your opponents. [Jiyva's grace]
   250 | D        | Gained mutation: You are covered in fur. (AC +1) [Jiyva's
                  | grace]
   250 | D        | Reached ****** piety under Jiyva
   250 | D        | Gained mutation: You have large cloven feet. [Jiyva's
                  | grace]
   251 | D        | Lost mutation: Armour fits poorly on your strangely shaped
                  | body. [Jiyva's grace]
   252 | D        | Gained mutation: You have hoof-like feet. [Jiyva's grace]
   258 | D        | Noticed an ice beast
   258 | D        | Noticed a centaur
   258 | D        | Noticed an ogre
   258 | D        | Noticed a black bear
   266 | D        | Killed an ice beast
   266 | D        | Reached skill level 9 in Unarmed Combat
   266 | D        | Mutation became permanent: You have large cloven feet.
                  | [demonic ancestry]
   266 | D        | Gained mutation: You have hoof-like feet. [demonic
                  | ancestry]
   266 | D        | Reached XP level 5. HP: 26/43 MP: 5/5
   272 | D        | Reached skill level 5 in Fighting
   272 | D        | Reached skill level 5 in Dodging
   274 | D        | Lost mutation: You are covered in fur. (AC +1) [Jiyva's
                  | grace]
   290 | D        | Killed a centaur
   290 | D        | Mutation became permanent: You are partially covered in
                  | iridescent scales. (AC +2) [demonic ancestry]
   290 | D        | Gained mutation: You are partially covered in iridescent
                  | scales. (AC +2) [demonic ancestry]
   290 | D        | Reached XP level 6. HP: 22/51 MP: 6/6
   297 | D        | Reached skill level 10 in Unarmed Combat
   305 | D        | Lost mutation: You have hoof-like feet. [Jiyva's grace]
   321 | D        | Killed a shining eye
   336 | D        | Noticed a centaur warrior
   336 | D        | Noticed a hippogriff
   336 | D        | Noticed a cyclops
   347 | D        | Noticed a guardian serpent
   347 | D        | a hippogriff changed into a guardian serpent
   348 | D        | Killed a centaur warrior
   348 | D        | Reached skill level 11 in Unarmed Combat
   348 | D        | Reached XP level 7. HP: 41/64 MP: 7/7
   348 | D        | Gained mutation: You are mostly covered in iridescent
                  | scales. (AC +4) [demonic ancestry]
   348 | D        | Reached XP level 8. HP: 45/71 MP: 8/8
   361 | D        | a guardian serpent changed into a spriggan
   364 | D        | Reached skill level 12 in Unarmed Combat
   366 | D        | Killed a cyclops
   366 | D        | Reached skill level 10 in Fighting
   378 | D        | Gained mutation: You expend magic power (3 MP) to
                  | strengthen your wands. [Jiyva's grace]
   381 | D        | Gained mutation: You are robust. (+10% HP) [Jiyva's grace]
   649 | D        | Lost mutation: You are covered in slimy tendrils that may
                  | disarm your opponents. [potion of mutation]
   649 | D        | Lost mutation: You expend magic power (3 MP) to strengthen
                  | your wands. [potion of mutation]
   649 | D        | Lost mutation: You are robust. (+10% HP) [potion of
                  | mutation]
   649 | D        | Gained mutation: You are agile. (Dex +2) [potion of
                  | mutation]
   649 | D        | Gained mutation: You evolve. [potion of mutation]
   650 | D        | Noticed a komodo dragon
   650 | D        | Noticed a komodo dragon
   653 | D        | Noticed a blink frog
   657 | D        | Killed a komodo dragon
   680 | D        | Reached skill level 10 in Dodging
   707 | D        | Gained mutation: Your spells are a little harder to cast,
                  | but a little more powerful. [Jiyva's grace]
   711 | D        | Gained mutation: Your mind is acute. (Int +2) [Jiyva's
                  | grace]
   711 | D        | Gained mutation: You have a pair of small horns on your
                  | head. [Jiyva's grace]
   713 | D        | Lost mutation: Your spells are a little harder to cast, but
                  | a little more powerful. [Jiyva's grace]
   713 | D        | Lost mutation: You evolve. [Jiyva's grace]
   713 | D        | Gained mutation: You are somewhat resistant to further
                  | mutation. [Jiyva's grace]
   721 | D        | Killed a komodo dragon
   721 | D        | Reached skill level 13 in Unarmed Combat
   721 | D        | Reached XP level 9. HP: 59/79 MP: 9/9
   741 | D        | Reached skill level 14 in Unarmed Combat
   742 | D        | Gained mutation: Your flesh is cold resistant. (rC+)
                  | [Jiyva's grace]
   744 | D        | Gained mutation: Your mind is very acute. (Int +4) [Jiyva's
                  | grace]
   755 | D        | Gained mutation: You passively map a small area around you.
                  | [Jiyva's grace]
   794 | D        | Noticed a black mamba
   794 | D        | Noticed a five-headed hydra
   804 | D        | Killed a black mamba
   805 | D        | Noticed a spiny frog
   810 | D        | Slimified a five-headed hydra
   810 | D        | Noticed an azure jelly
   810 | D        | a five-headed hydra changed into an azure jelly
   827 | D        | Lost mutation: Your mind is very acute. (Int +4) [Jiyva's
                  | grace]
   827 | D        | Killed a spiny frog
   827 | D        | Reached skill level 15 in Unarmed Combat
   834 | D        | Lost mutation: You have a pair of small horns on your head.
                  | [Jiyva's grace]
   834 | D        | Gained mutation: Your spells are a little harder to cast,
                  | but a little more powerful. [Jiyva's grace]
  1013 | D        | Noticed a tyrant leech
  1013 | D        | Noticed a spiny frog
  1018 | D        | Noticed a spiny frog
  1034 | D        | Killed a tyrant leech
  1042 | D        | Killed a spiny frog
  1042 | D        | Reached skill level 16 in Unarmed Combat
  1042 | D        | Reached XP level 10. HP: 53/86 MP: 10/10
  1047 | D        | Killed a spiny frog
  1062 | D        | Gained mutation: You have a small jelly attached to you
                  | that senses nearby items. [Jiyva's grace]
  1062 | D        | Lost mutation: You are somewhat resistant to further
                  | mutation. [Jiyva's grace]
  1062 | D        | Lost mutation: Your mind is acute. (Int +2) [Jiyva's grace]
  1079 | D        | Lost mutation: You have a small jelly attached to you that
                  | senses nearby items. [potion of mutation]
  1079 | D        | Lost mutation: Your flesh is cold resistant. (rC+) [potion
                  | of mutation]
  1079 | D        | Gained mutation: Your magical capacity is low. (-10% MP)
                  | [potion of mutation]
  1079 | D        | Gained mutation: You occasionally shout uncontrollably at
                  | your foes. [potion of mutation]
  1079 | D        | Lost mutation: Your spells are a little harder to cast, but
                  | a little more powerful. [potion of mutation]
  1079 | D        | Gained mutation: You are completely covered in iridescent
                  | scales. (AC +6) [potion of mutation]
  1080 | D        | Lost mutation: You occasionally shout uncontrollably at
                  | your foes. [Jiyva's power]
  1081 | D        | Lost mutation: Your magical capacity is low. (-10% MP)
                  | [Jiyva's power]
  1208 | D        | Noticed Erica
  1213 | D        | Killed Erica
  1213 | D        | Reached skill level 17 in Unarmed Combat
  1221 | D        | Gained mutation: You have acidic saliva. [Jiyva's grace]
  1221 | D        | Gained mutation: You are somewhat resistant to further
                  | mutation. [Jiyva's grace]
  1305 | D        | Noticed an orc sorcerer
  1318 | D        | Noticed an orange demon
  1349 | D        | Slimified an orc sorcerer
  1349 | D        | Noticed an acid blob
  1349 | D        | an orc sorcerer changed into an acid blob
  1367 | D        | Gained mutation: You are robust. (+10% HP) [Jiyva's grace]
  1367 | D        | Gained mutation: You are very robust. (+20% HP) [Jiyva's
                  | grace]
  1367 | D        | Gained mutation: Your muscles are strong. (Str +2) [Jiyva's
                  | grace]
  1367 | D        | Gained mutation: Your body has grown golden eyes which may
                  | confuse attackers. (Acc +3) [Jiyva's grace]
  1373 | D        | Gained mutation: Your translucent skin slightly reduces
                  | your foes' accuracy. (Stealth) [Jiyva's grace]
  1375 | D        | Lost mutation: Your muscles are strong. (Str +2) [Jiyva's
                  | grace]
  1375 | D        | Gained mutation: Your flesh is heat resistant. (rF+)
                  | [Jiyva's grace]
  1375 | D        | Lost mutation: Your body has grown golden eyes which may
                  | confuse attackers. (Acc +3) [Jiyva's grace]
  1378 | D        | Gained mutation: You have hoof-like feet. [Jiyva's grace]
  1378 | D        | Gained mutation: You are covered in slimy tendrils that may
                  | disarm your opponents. [Jiyva's grace]
  1378 | D        | Lost mutation: You passively map a small area around you.
                  | [Jiyva's grace]
  1380 | D        | Gained mutation: Your rubbery body absorbs attacks. (AC +1,
                  | EV +1) [Jiyva's grace]
  1400 | D        | Lost mutation: You have hoof-like feet. [Jiyva's grace]
  1400 | D        | Lost mutation: You are somewhat resistant to further
                  | mutation. [Jiyva's grace]
  1404 | D        | Gained mutation: Your pliable body absorbs attacks. (AC +2,
                  | EV +2) [Jiyva's grace]
  1405 | D        | Lost mutation: You are very robust. (+20% HP) [Jiyva's
                  | grace]
  1406 | D        | Noticed an orc knight
  1435 | D        | Killed an orc knight
  1435 | D        | Reached skill level 18 in Unarmed Combat
  1438 | D        | HP: 2/94 [orc warrior/+0 war axe of holy wrath (31)]
  1438 | D        | Annihilated by an orc warrior

Skill      XL: |  1  2  3  4  5  6  7  8  9 10 |
---------------+-------------------------------+-----
Unarmed Combat | 6 7 9 11 13 16 18 | 18.2
Fighting       | 4 5 9 10 | 10.8
Dodging        | 4 5 8 10 | 10.0
Throwing       | |  1.7

Action                   |  1- 3 |  4- 6 |  7- 9 | 10-12 || total
-------------------------+-------+-------+-------+-------++-------
Melee: Unarmed           |    25 |    31 |    89 |    81 ||   226
       Kick              |       |     8 |    30 |    33 ||    71
       Punch             |       |     1 |     8 |     3 ||    12
       Headbutt          |       |       |     7 |       ||     7
       Bite              |       |       |       |    10 ||    10
Invok: Request Jelly     |       |     1 |       |     1 ||     2
       Slimify           |       |       |     2 |     2 ||     4
       Cure Bad Mutation |       |       |       |     2 ||     2
  Use: Potion            |     1 |     2 |     1 |     5 ||     9
       Scroll            |       |       |       |     1 ||     1
Armor: Leather armour    |     3 |     1 |       |       ||     4
       Scale mail        |       |    10 |    20 |    11 ||    41
Dodge: Dodged            |    10 |    14 |    43 |    30 ||    97
